 Dungeon Crawl Stone Soup version 0.31-a0-486-g8d68a81214 (webtiles) character file.

Game seed: 15242571106691010385

357 javelincjr the Caller (level 6, -6/44 HPs)
             Began as a Gnoll Summoner on Aug 7, 2023.
             Killed by divine providence
             ... invoked by an orc priest
              (14 damage)
             ... on level 4 of the Dungeon.
             The game lasted 00:09:03 (2655 turns).

javelincjr the Caller (Gnoll Summoner)              Turns: 2655, Time: 00:09:03

Health: -6/44      AC:  5    Str:  9    XL:     6   Next: 64%
Magic:  14/14      EV: 13    Int: 14    God:
Gold:   228        SH:  0    Dex: 13    Spells: 12/15 levels left

rFire   + . .        g - +2 quarterstaff (spect)
rCold   x . .        (shield currently unavailable)
rNeg    . . .        a - +0 robe
rPois   +            (no helmet)
rElec   .            (no cloak)
rCorr   .            (no gloves)
SInv    .            q - +2 pair of boots
Will    .....        (no amulet)
Stlth   +++          j - ring of poison resistance
HPRegen 0.27/turn    h - ring of fire
MPRegen 0.14/turn

%: no passive effects
@: no status effects
A: fangs 1, strong nose, distributed training
a: no special abilities


You were on level 4 of the Dungeon.
You visited 1 branch of the dungeon, and saw 4 of its levels.

You collected 228 gold pieces.

Inventory:

Hand Weapons
 d - a +0 whip
 g - a +2 spectral quarterstaff (weapon)
Missiles
 f - 2 throwing nets
Armour
 a - a +0 robe (worn)
 q - a +2 pair of boots (worn)
Jewellery
 h - a ring of fire (right hand)
 j - a ring of poison resistance (left hand)
Scrolls
 i - a scroll of noise
 l - a scroll of butterflies
 n - a scroll of vulnerability
 p - a scroll of silence {unknown}
Potions
 b - a potion of magic
 c - a potion of curing {unknown}
 e - 2 potions of heal wounds
 k - a potion of lignification {unknown}
 m - a potion of mutation {unknown}
 o - a potion of attraction {unknown}


   Skills:
 + Level 2.1 Fighting
 + Level 2.1 Short Blades
 + Level 2.1 Long Blades
 + Level 2.1 Axes
 + Level 2.1 Maces & Flails
 + Level 2.1 Polearms
 + Level 2.1 Staves
 + Level 2.1 Ranged Weapons
 + Level 2.1 Throwing
 + Level 2.1 Armour
 + Level 5.0 Dodging
 + Level 4.6 Stealth
 + Level 2.1 Shields
 + Level 2.1 Unarmed Combat
 + Level 5.4 Spellcasting
 + Level 1.6 Conjurations
 + Level 1.6 Hexes
 + Level 7.3 Summonings
 + Level 1.6 Necromancy
 + Level 1.6 Translocations
 + Level 1.6 Transmutations
 + Level 1.6 Fire Magic
 + Level 1.6 Ice Magic
 + Level 1.6 Air Magic
 + Level 1.6 Earth Magic
 + Level 1.6 Poison Magic
 + Level 2.3 Invocations
 + Level 2.1 Evocations
 + Level 1.6 Shapeshifting


You had 12 spell levels left.
You knew the following spells:

 Your Spells              Type           Power      Damage    Failure   Level
a - Summon Small Mammal   Summ           96%        N/A       1%          1
b - Call Imp              Summ           48%        N/A       1%          2

Your spell library contained the following spells:

 Spells                   Type           Power      Damage    Failure   Level
 Call Canine Familiar     Summ           24%        N/A       2%          3
 Summon Guardian Golem    Hex/Summ       16%        N/A       8%          3
 Sandblast                Erth           16%        2d6       9%          1
 Passwall                 Tmut/Erth      6%         N/A       13%         2
 Wereblood                Tmut           8%         N/A       13%         2
 Stone Arrow              Conj/Erth      16%        3d8       26%         3
 Animate Armour           Summ/Erth      32%        N/A       26%         4
 Summon Lightning Spire   Summ/Air       16%        N/A       26%         4
 Irradiate                Conj/Tmut      4%         3d13      93%         5
 Lee's Rapid Deconstruct  Erth           4%         3d5*      93%         5


Dungeon Overview and Level Annotations

Branches:
Dungeon (4/15)
 Temple: D:4-7

Altars:
Okawaru
Ru
Zin


Innate Abilities, Weirdness & Mutations

You have very sharp teeth.
Your uncanny sense of smell can sniff out nearby items.
Your experience applies equally to all skills.


Message History

The orc hits your +2 spectral quarterstaff but does no damage.
The orc priest misses your +2 spectral quarterstaff.
The orc hits you with a +0 flail.
Your cerulean imp hits the orc priest but does no damage.
You barely miss the orc.
Your +2 spectral quarterstaff barely misses the orc.
The orc hits your cerulean imp with a +0 whip.
Your cerulean imp hits the orc priest but does no damage.
You closely miss the orc priest.
The orc priest is lightly wounded.
The orc hits you with a +0 flail. The orc hits you with a +0 hand axe.
The orc hits your cerulean imp but does no damage.
The orc hits your +2 spectral quarterstaff with a +0 hand axe.
The orc hits you with a +0 whip. The orc priest closely misses you.
Your cerulean imp hits the orc with a -2 spear.
You hit the orc priest. Your bite misses the orc priest.
The orc priest is moderately wounded.
Your +2 spectral quarterstaff hits the orc priest.
The orc hits you with a +0 hand axe. The orc misses your cerulean imp.
The orc misses your +2 spectral quarterstaff.
The orc hits you with a +0 flail. The orc hits you but does no damage.
The orc priest hits you with a +0 club.
* * * LOW HITPOINT WARNING * * *
Your cerulean imp hits the orc with a -2 spear.
Your cerulean imp closely misses the orc.
The orc hits you with a +0 hand axe.
* * * LOW HITPOINT WARNING * * *
The orc misses your cerulean imp.
The orc priest calls upon Beogh to heal the orc.
The orc's wounds heal themselves!
The orc closely misses you. The orc hits you with a +0 flail.
* * * LOW HITPOINT WARNING * * *
Your +2 spectral quarterstaff disappears.
Your cerulean imp hits the orc but does no damage.
The orc barely misses your cerulean imp.
The orc closely misses your cerulean imp.
Your cerulean imp closely misses the orc.
The orc priest mumbles some strange prayers to Beogh against you.
Beogh smites you!
You die...

#.# # #.# # #.# #
######### #.# #
#.......##### #.# #
###.......#...####.#######
......ooo............†....
###...o5..#...####.#######
#......@########.# #
#................# #
..........###############
............ ........
.......####+# ########
....... # ..##.. ## ## #.
###.


You could see an orc priest, 3 orcs and a friendly cerulean imp (summoned).

Vanquished Creatures
  Sigmund (D:2)
  A phantom (D:2)
  3 gnolls (D:2)
  An adder (D:3)
  2 worms
  2 dart slugs
  6 orcs
  2 ball pythons
  3 endoplasms
  A giant cockroach (D:3)
  6 goblins
  10 hobgoblins
  5 kobolds
  2 quokkas (D:1)
  6 bats
  4 rats
55 creatures vanquished.

Vanquished Creatures (collateral kills)
  A gnoll (D:2)
  A ball python (D:1)
  A giant cockroach (D:2)
  2 kobolds (D:3)
  A frilled lizard (D:1)
  5 rats
11 creatures vanquished.

Grand Total: 66 creatures vanquished

Notes
Turn   | Place    | Note
-------+----------+-------------------------------------------
     0 | D:1      | javelincjr the Gnoll Summoner began the quest for the Orb.
     0 | D:1      | Reached XP level 1. HP: 13/13 MP: 6/6
   256 | D:1      | Reached XP level 2. HP: 19/19 MP: 7/7
   493 | D:1      | Reached skill level 5 in Spellcasting
   493 | D:1      | Reached XP level 3. HP: 24/25 MP: 7/9
   518 | D:1      | Learned a level 2 spell: Call Imp
   883 | D:2      | Reached skill level 1 in Invocations
  1254 | D:2      | Noticed Sigmund
  1302 | D:2      | Reached skill level 1 in Fighting
  1302 | D:2      | Reached skill level 1 in Short Blades
  1302 | D:2      | Reached skill level 1 in Long Blades
  1302 | D:2      | Reached skill level 1 in Axes
  1302 | D:2      | Reached skill level 1 in Maces & Flails
  1302 | D:2      | Reached skill level 1 in Polearms
  1302 | D:2      | Reached skill level 1 in Staves
  1302 | D:2      | Reached skill level 1 in Ranged Weapons
  1302 | D:2      | Reached skill level 1 in Throwing
  1302 | D:2      | Reached skill level 1 in Armour
  1302 | D:2      | Reached skill level 1 in Shields
  1302 | D:2      | Reached skill level 1 in Unarmed Combat
  1302 | D:2      | Reached skill level 1 in Evocations
  1327 | D:2      | Reached XP level 4. HP: 28/32 MP: 3/11
  1482 | D:2      | Killed Sigmund
  1483 | D:2      | Reached skill level 1 in Conjurations
  1483 | D:2      | Reached skill level 1 in Hexes
  1483 | D:2      | Reached skill level 1 in Necromancy
  1483 | D:2      | Reached skill level 1 in Translocations
  1483 | D:2      | Reached skill level 1 in Transmutations
  1483 | D:2      | Reached skill level 1 in Fire Magic
  1483 | D:2      | Reached skill level 1 in Ice Magic
  1483 | D:2      | Reached skill level 1 in Air Magic
  1483 | D:2      | Reached skill level 1 in Earth Magic
  1483 | D:2      | Reached skill level 1 in Poison Magic
  1483 | D:2      | Reached skill level 1 in Shapeshifting
  1483 | D:2      | Reached XP level 5. HP: 20/38 MP: 7/12
  1574 | D:2      | Noticed a phantom
  1583 | D:2      | Killed a phantom
  1584 | D:2      | Reached skill level 5 in Dodging
  1584 | D:2      | Reached XP level 6. HP: 33/44 MP: 11/14
  2197 | D:3      | Found an iron altar of Okawaru.
  2260 | D:3      | Found a glowing silver altar of Zin.
  2260 | D:3      | Found a sacrificial altar of Ru.
  2655 | D:4      | Killed from afar by an orc priest

Illustrated notes

Levels and vault maps discovered:
D:1:      nicolae_arrival_washed_ashore, layout_loops_cross,
          minmay_split_cup_small
D:2:      layout_basic, uniq_sigmund
D:3:      layout_rooms, gammafunk_temple_overflow_elements,
          okawaru_metal_pillars_1_2
D:4:      layout_basic, gammafunk_ghost_mausoleum, kennysheep_generic_room_11

Skill      XL: |  1  2  3  4  5 |
---------------+----------------+-----
Spellcasting   | 5 |  5.4
Invocations    | 1 2 |  2.3
Fighting       | 1 2 |  2.1
Short Blades   | 1 2 |  2.1
Long Blades    | 1 2 |  2.1
Axes           | 1 2 |  2.1
Maces & Flails | 1 2 |  2.1
Polearms       | 1 2 |  2.1
Staves         | 1 2 |  2.1
Ranged Weapons | 1 2 |  2.1
Throwing       | 1 2 |  2.1
Armour         | 1 2 |  2.1
Shields        | 1 2 |  2.1
Unarmed Combat | 1 2 |  2.1
Evocations     | 1 2 |  2.1
Conjurations   | 1 |  1.6
Hexes          | 1 |  1.6
Necromancy     | 1 |  1.6
Translocations | 1 |  1.6
Transmutations | 1 |  1.6
Fire Magic     | 1 |  1.6
Ice Magic      | 1 |  1.6
Air Magic      | 1 |  1.6
Earth Magic    | 1 |  1.6
Poison Magic   | 1 |  1.6
Shapeshifting  | 1 |  1.6
Dodging        | 5 |  5.0
Stealth        | |  4.6
Summonings     | |  7.3

Action                     |  1- 3 |  4- 6 || total
---------------------------+-------+-------++-------
  Melee: Quarterstaff      |    47 |    59 ||   106
         Bite              |     3 |     7 ||    10
   Cast: Summon Small Mamm |     7 |     4 ||    11
         Call Imp          |    12 |    12 ||    24
    Use: Scroll            |       |     4 ||     4
   Stab: Sleeping          |     4 |     3 ||     7
         Distracted        |     1 |       ||     1
 Armour: Robe              |     5 |     9 ||    14
  Dodge: Dodged            |    38 |    33 ||    71

Table legend: (Time is in decaauts)
 A = Elapsed time spent in this place.
 B = Non-inter-level travel time spent in this place.
 C = Inter-level travel time spent in this place.
 D = Time resting spent in this place.
 E = Time spent auto-exploring this place.
 F = Levels seen in this place.
 G = Mean time per level.
                   A        B        C        D        E       F      G
               +--------+--------+--------+--------+--------+-----+--------+
         Total |   2678 |   2619 |     59 |    110 |   1964 |   4 |  669.5 |
       Dungeon |   2678 |   2619 |     59 |    110 |   1964 |   4 |  669.5 |
               +--------+--------+--------+--------+--------+-----+--------+

Top non-repeatable levels by time:
     D:2: 1121 daAuts
     D:1: 927 daAuts
     D:3: 488 daAuts
     D:4: 140 daAuts
